 Dungeon Crawl Stone Soup version 0.29-a0-6-ga859fcf985 (webtiles) character file.

Game seed: 4933919545818073350

74 Grim the Chucker (level 4, 0/48 HPs)
             Began as an Ogre Hunter on Jan 27, 2022.
             Succumbed to a water moccasin's poison
             ... on level 3 of the Dungeon.
             The game lasted 00:03:22 (2583 turns).

Grim the Chucker (Ogre Hunter)                      Turns: 2583, Time: 00:03:22

Health: 0/48       AC:  4    Str: 16    XL:     4   Next: 28%
Magic:  4/4        EV:  9    Int: 14    God:
Gold:   112        SH:  0    Dex:  9    Spells: 3/3 levels left

rFire   . . .      SeeInvis .   j - +0 flail
rCold   . . .      Faith    .   (no shield)
rNeg    . . .      Spirit   .   b - +0 robe
rPois   .          Reflect  .   p - +1 hat
rElec   .          Harm     .   (no cloak)
rCorr   .          Rampage  .   (gloves unavailable)
Will    .....                   (boots unavailable)
Stlth   +.........              (no amulet)
HPRegen 0.16/turn               (no ring)
MPRegen 0.09/turn               (no ring)

@: lethally poisoned (0 -> -16)
A: large, unfitting armour, tough skin 1
a: no special abilities


You were on level 3 of the Dungeon.
You visited 1 branch of the dungeon, and saw 3 of its levels.

You collected 112 gold pieces.

Inventory:

Hand Weapons
 a - a +0 short sword
 h - a +0 club
 j - a +0 flail (weapon)
Missiles
 c - 5 large rocks (quivered)
 f - 3 poisoned darts
 g - 13 stones
 o - a boomerang
Armour
 b - a +0 robe (worn)
 p - a +1 hat (worn)
Jewellery
 l - a ring of willpower
Scrolls
 e - 4 scrolls of identify {unknown}
 i - a scroll of vulnerability {unknown}
 k - a scroll of teleportation {unknown}
 q - a scroll of silence {unknown}
Potions
 m - a potion of haste {unknown}
 n - 2 potions of curing {unknown}


   Skills:
 + Level 4.0 Fighting
 * Level 2.1 Maces & Flails
 - Level 4.4 Throwing
 - Level 1.7 Dodging
 - Level 0.6 Stealth


You had 3 spell levels left.
You didn't know any spells.
Your spell library contained the following spells:

 Spells                   Type           Power      Damage    Failure   Level
 Slow                     Hex            0%         N/A       28%         1
 Confusing Touch          Hex            0%         N/A       65%         3
 Vampiric Draining        Necr           0%         2d6       65%         3


Dungeon Overview and Level Annotations

Branches:
Dungeon (3/15)

Altars:


Innate Abilities, Weirdness & Mutations

You are too large for most types of armour.
You have tough skin. (AC +1)


Message History

You hit the water moccasin.
The water moccasin is heavily wounded.
The water moccasin bites you. x2
You closely miss the water moccasin.
The water moccasin is heavily wounded.
The water moccasin bites you. The water moccasin bites you!
You hit the water moccasin but do no damage.
The water moccasin is heavily wounded.
The water moccasin bites you. x2
You barely miss the water moccasin.
The water moccasin is heavily wounded.
The water moccasin bites you but does no damage. x2
You barely miss the water moccasin.
The water moccasin is heavily wounded.
The water moccasin bites you!
* * * LOW HITPOINT WARNING * * *
You are poisoned.
The water moccasin poisons you!
You miss the water moccasin.
The water moccasin is heavily wounded.
You feel very sick. The water moccasin bites you.
* * * LOW HITPOINT WARNING * * *
The water moccasin bites you.
* * * LOW HITPOINT WARNING * * *
You are lethally poisoned!
The water moccasin poisons you!
Throw: throwing net
Press: ? - help, Q - select action, (/) - cycle Shift-Dir - straight line, f/p - water moccasin
Aim: a water moccasin (heavily wounded, 40% to hit)
You throw a throwing net.
The throwing net misses the water moccasin.
The throwing net closely misses the orc.
* * * LOW HITPOINT WARNING * * *
You feel very sick. The water moccasin bites you.
* * * LOW HITPOINT WARNING * * *
You barely miss the water moccasin.
The water moccasin is heavily wounded.
You die...

#....###'#+#.# #
.#
####....##......#
P.
.........'......#
######.##.....##
#.#......'#
#.#......##
#.#.###### #.#.#
#.#@# #.#S# #.#o#
#.# .(# ... ...
..(.


You could see a water moccasin and an orc.

Vanquished Creatures
  2 dart slugs (D:2)
  6 orcs (D:3)
  4 endoplasms
  4 giant cockroaches
  4 goblins
  6 hobgoblins
  6 jackals
  5 kobolds
  2 quokkas
  5 ball pythons
  7 bats
  3 frilled lizards
  2 rats (D:1)
56 creatures vanquished.

Notes
Turn   | Place    | Note
-------+----------+-------------------------------------------
     0 | D:1      | Grim the Ogre Hunter began the quest for the Orb.
     0 | D:1      | Reached XP level 1. HP: 22/22 MP: 1/1
   231 | D:1      | Found a faded altar of an unknown god.
   330 | D:1      | Reached XP level 2. HP: 31/31 MP: 2/2
   780 | D:1      | Reached XP level 3. HP: 37/37 MP: 3/3
   953 | D:1      | Reached skill level 1 in Maces & Flails
  2034 | D:2      | Reached XP level 4. HP: 40/48 MP: 4/4
  2567 | D:3      | Noticed a water moccasin
  2583 | D:3      | Succumbed to a water moccasin's poison

Illustrated notes

Levels and vault maps discovered:
D:1:      erik_arrival_orb_chamber, layout_loops_corners,
          hellmonk_ecumenical_altar_heavens_door
D:2:      layout_basic, kennysheep_cross_room
D:3:      layout_basic, nicolae_figureground_sparkle, uniq_robin,
          uniq_crazy_yiuf_cottage

Skill      XL: |  1  2  3  4 |
---------------+-------------+-----
Fighting       | 3 4 |  4.0
Maces & Flails | 1 2 |  2.1
Throwing       | |  4.4
Dodging        | |  1.7
Stealth        | |  0.6

Action                   |  1- 3 |  4- 6 || total
-------------------------+-------+-------++-------
Melee: Short sword       |    32 |       ||    32
       Flail             |    89 |    25 ||   114
       Club              |     3 |       ||     3
       Punch             |     2 |       ||     2
Throw: Dart              |       |     5 ||     5
       Throwing net      |       |     2 ||     2
 Stab: Sleeping          |     2 |     1 ||     3
Armor: Robe              |    63 |     8 ||    71
Dodge: Dodged            |    82 |     6 ||    88

Table legend: (Time is in decaauts)
 A = Elapsed time spent in this place.
 B = Non-inter-level travel time spent in this place.
 C = Inter-level travel time spent in this place.
 D = Time resting spent in this place.
 E = Time spent auto-exploring this place.
 F = Levels seen in this place.
 G = Mean time per level.
                   A        B        C        D        E       F      G
               +--------+--------+--------+--------+--------+-----+--------+
         Total |   2622 |   2567 |     55 |      0 |   2139 |   3 |  874.0 |
       Dungeon |   2622 |   2567 |     55 |      0 |   2139 |   3 |  874.0 |
               +--------+--------+--------+--------+--------+-----+--------+

Top non-repeatable levels by time:
     D:1: 1240 daAuts
     D:2: 1067 daAuts
     D:3: 314 daAuts
